 Dungeon Crawl Stone Soup version 0.32-a0-886-g41c5271027 (webtiles) character file.

Game seed: 16883588877902740992

91014 Chadd the Thrower (level 16, -10/132 HPs)
             Began as a Coglin Gladiator on Apr 2, 2024.
             Was an Initiate of Gozag.
             Mangled by an entropy weaver (11 damage)
             ... on level 2 of the Spider Nest.
             The game lasted 01:23:38 (28300 turns).

Chadd the Thrower (Coglin Gladiator)               Turns: 28300, Time: 01:23:39

Health: -10/132    AC:  3    Str: 22    XL:     16   Next: 2%
Magic:  16/16      EV: 10    Int: 14    God:    Gozag
Gold:   4096       SH:  0    Dex: 15    Spells: 15/15 levels left

rFire   + + .        O - +9 spear of Extermination {spect, rElec rPois rF+ Int+4}
rCold   + + .        n - +2 spear (flame) {Paullus}
rNeg    . . .        z - +2 plate armour {rC+}
rPois   +            U - +1 helmet {Int+3}
rElec   +            P - +2 cloak {Stlth+}
rCorr   .            h - +1 pair of gloves "Poruurae" {Int-2 Slay+5}
SInv    .            (no boots)
Will    +....        (amulet unavailable) Stlth
                     (ring unavailable)
HPRegen 0.42/turn    (ring unavailable)
MPRegen 0.15/turn    D - megamodule L-0500 {rF+ rC+ Clar RMsl}

%: repel missiles, clarity
@: about to teleport, corroded, revving
A: off-hand wielding, slow wielding, warmup strikes, no jewellery
a: Renounce Religion, Potion Petition, Call Merchant, Bribe Branch


You were on level 2 of the Spider Nest.
You worshipped Gozag.
Gozag was most pleased with you.
You visited 5 branches of the dungeon, and saw 20 of its levels.
You also visited: Ossuary, Bailey and Gauntlet.

You collected 5583 gold pieces.
You spent 466 gold pieces at shops.
You paid 1021 gold pieces to Gozag.

Inventory:

Hand Weapons
 n - a +2 spear of flaming (offhand) {Paullus}
 O - the +9 spear of Extermination (weapon) {spect, rElec rPois rF+ Int+4}
   (You took it off an orc on level 8 of the Dungeon)

   Int+4:     It affects your intelligence (+4).
   rF+:       It protects you from fire.
   rElec:     It insulates you from electricity.
   rPois:     It protects you from poison.
 V - the +8 autumn katana {manifold assault}
   (You found it in a Gauntlet)
 W - a +0 spear of venom {Jasleen}
Missiles
 c - a curare-tipped dart
 d - 3 throwing nets
 e - 9 javelins
 C - a boomerang
 S - 16 poisoned darts
Armour
 h - the +1 pair of gloves "Poruurae" (worn) {Int-2 Slay+5}
   (You bought it in a shop on level 8 of the Dungeon)

   Int-2:     It affects your intelligence (-2).
   Slay+5:    It affects your accuracy & damage with ranged weapons and melee
   (+5).
 z - a +2 plate armour of cold resistance (worn)
 P - a +2 cloak of stealth (worn)
 U - a +1 helmet of intelligence (worn)
Gizmo
 D - a megamodule L-0500 (installed) {rF+ rC+ Clar RMsl}
   (You invented it yourself on level 4 of the Lair of Beasts)

   [megamodule L-0500]

   rF+:       It protects you from fire.
   rC+:       It protects you from cold.
   Clar:      It protects you from confusion, rage, mesmerisation and fear.
   RMsl:      It protects you from missiles.
Wands
 x - a wand of flame (31)
 L - a wand of polymorph (4)
 R - a wand of roots (6) (quivered)
 T - a wand of charming (2)
Scrolls
 g - 4 scrolls of fear
 l - 4 scrolls of enchant weapon {unknown}
 m - 3 scrolls of revelation {unknown}
 o - 2 scrolls of teleportation
 s - 4 scrolls of blinking
 u - 7 scrolls of immolation
 y - 3 scrolls of poison
 A - 2 scrolls of noise {unknown}
 E - 2 scrolls of vulnerability
 F - 3 scrolls of enchant armour {unknown}
 H - 2 scrolls of amnesia {unknown}
 J - 2 scrolls of brand weapon {unknown}
 N - a scroll of fog {unknown}
 Q - 2 scrolls of butterflies {unknown}
 X - 5 scrolls of identify
Potions
 b - 2 potions of ambrosia {unknown}
 f - 3 potions of haste
 i - 6 potions of curing
 j - 5 potions of enlightenment {unknown}
 k - 3 potions of attraction {unknown}
 p - 7 potions of lignification
 q - 3 potions of magic {unknown}
 r - 4 potions of heal wounds
 v - 5 potions of might
 w - 2 potions of resistance {unknown}
 B - 3 potions of invisibility {unknown}
 G - 2 potions of cancellation {unknown}
 I - 3 potions of degeneration {unknown}
 K - 2 potions of berserk rage {unknown}
 M - a potion of mutation
Miscellaneous
 a - a phantom mirror
 t - a phial of floods


   Skills:
 + Level 13.9 Fighting
 - Level 4.4(9.7) Axes
 + Level 12.3(12.5) Polearms
 + Level 14.4 Throwing
 + Level 13.0 Dodging
 * Level 2.4 Evocations


You had 15 spell levels left.
You didn't know any spells.
Your spell library contained the following spells:

 Spells                   Type           Power      Damage    Failure   Level
 Freeze                   Ice            0%         1d3       100%        1
 Slow                     Hex            0%         N/A       100%        1
 Blink                    Tloc           0%         N/A       100%        2
 Cigotuvi's Dreadful Rot  Necr/Alch/Air  0%         N/A       100%        2
 Momentum Strike          Conj/Tloc      0%         3d8       100%        2
 Scorch                   Fire           0%         2d5       100%        2
 Call Canine Familiar     Summ           0%         N/A       100%        3
 Confusing Touch          Hex            0%         N/A       100%        3
 Frozen Ramparts          Ice            0%         1d1       100%        3
 Hailstorm                Conj/Ice       0%         3d5       100%        3
 Sigil of Binding         Hex            0%         N/A       100%        3
 Vampiric Draining        Necr           0%         2d6       100%        3
 Anguish                  Hex/Necr       0%         N/A       100%        4
 Animate Armour           Summ/Erth      0%         N/A       100%        4
 Brom's Barrelling Bould  Conj/Erth      0%         2d3       100%        4
 Cause Fear               Hex            0%         N/A       100%        4
 Dimensional Bullseye     Hex/Tloc       0%         N/A       100%        4
 Dispel Undead            Necr           0%         3d6       100%        4
 Flame Wave               Conj/Fire      0%         2d4       100%        4
 Martyr's Knell           Necr/Summ      0%         N/A       100%        4
 Olgreb's Toxic Radiance  Alch           0%         N/A       100%        4
 Summon Lightning Spire   Summ/Air       0%         N/A       100%        4
 Fireball                 Conj/Fire      0%         3d3       100%        5
 Iskenderun's Battlesphe  Conj           0%         2d6       100%        5
 Lee's Rapid Deconstruct  Erth           0%         3d4*      100%        5
 Conjure Ball Lightning   Conj/Air       0%         3x3d6     100%        6
 Dispersal                Tloc           0%         N/A       100%        6
 Gell's Gavotte           Tloc           0%         2d(11-16) 100%        6
 Summon Cactus Giant      Summ           0%         N/A       100%        6
 Enfeeble                 Hex            0%         N/A       100%        7
 Manifold Assault         Tloc           0%         N/A       100%        7
 Orb of Destruction       Conj           0%         9d5       100%        7
 Ozocubu's Refrigeration  Ice            0%         4d7       100%        7
 Discord                  Hex            0%         N/A       100%        8
 Disjunction              Tloc           0%         N/A       100%        8


Dungeon Overview and Level Annotations

Branches:
Dungeon (9/15)             Temple (1/1) D:6            Lair (5/5) D:8
 Shoals (2/4) Lair:2       Spider (3/4) Lair:2        Slime (0/5) Lair:5
Ossuary (visited)          Bailey (visited)         Gauntlet (visited)
    Orc: D:9-12

Altars:
Ashenzari
Cheibriados
Dithmenos
Elyvilon
Fedhas
Gozag
Hepliaklqana
Kikubaaqudgha
Makhleb
Nemelex Xobeh
Okawaru
Qazlal
Ru
Sif Muna
Trog
Uskayaw
Vehumet
Wu Jian
Xom
Yredelemnul
Zin
The Shining One

Shops:
D:8 **   Shoals:1 [

Annotations:
D:4 Dowan, Duvessa
D:6 3 runed translucent doors, dcgchant's ghost, novice OpSh
Shoals:1 3 runed translucent doors, Xacloem's ghost, adept OnFE
Shoals:2 Louise
Spider:1 Roxanne


Innate Abilities, Weirdness & Mutations

You can wield a second weapon in your off-hand.
It takes a long time for you to wield or remove held weapons.
Your first few attacks do less damage.
You cannot equip rings or amulets.


Message History

The entropy weaver hits you. x2
You hit the entropy weaver with the +9 spear of Extermination.
The entropy weaver is heavily wounded.
You hit the entropy weaver but do no damage.
Your +9 spear of Extermination {spect, rElec rPois rF+ Int+4} hits the entropy weaver from afar.
Unknown command.
Aiming: Fastroot
Press: ? - help, Q - select action, (/) - cycle Shift-Dir - straight line The roots erupt in riotous growth!
Roots grab the entropy weaver.
Your +9 spear of Extermination {spect, rElec rPois rF+ Int+4} disappears.
The grasping roots constrict the entropy weaver.
The entropy weaver hits you!
* * * LOW HITPOINT WARNING * * *
The entropy weaver hits you!
* * * LOW HITPOINT WARNING * * *
The entropy weaver barely misses you. x2
The entropy weaver gestures at you while chanting.
The entropic weave corrodes you!
As you read the scroll of teleportation, it crumbles to dust.
You feel strangely unstable.
The grasping roots constrict the entropy weaver.
The entropy weaver hits you.
* * * LOW HITPOINT WARNING * * *
The entropy weaver hits you.
* * * LOW HITPOINT WARNING * * *
The entropy weaver completely misses you.
The entropy weaver hits you!
* * * LOW HITPOINT WARNING * * *
You feel much better.
The grasping roots constrict the entropy weaver.
The entropy weaver hits you!
* * * LOW HITPOINT WARNING * * *
The entropy weaver hits you!
* * * LOW HITPOINT WARNING * * *
The entropy weaver hits you.
* * * LOW HITPOINT WARNING * * *
The entropy weaver hits you!
You die...
Your body crumbles into a pile of gold.

.#^)...###....^#.....####≈≈≈≈#
.#......#.###.#..##### ###≈≈#
.#.....#.....##..~≈# ≈≈≈≈
#......#......#..≈## ##≈≈
##.....#.....#..#≈## ≈≈
..###.#......#..#≈≈####
.....###.....#..#≈~#≈≈#
##......###.#.....~~≈≈#
.####......##..B@..#≈≈≈≈≈≈≈
.## ##.^..........###≈≈≈≈#≈
..#####.##....#...# #≈≈##
....###..#....##.## ###
#...#..#)...>#####
#..##......^## .#.........##
..#.#.###.## ....#.#..##


You could see an entropy weaver (rooted).

Vanquished Creatures
  2 emperor scorpions (Spider:2)
  A minotaur (Gauntlet)
  2 merfolk impalers (Shoals:1)
  2 entropy weavers
  6 hydras
  A catoblepas (Lair:4)
  A jorogumo (Spider:2)
  2 two-headed ogres (D:8)
  5 death yaks (Lair:3)
  2 boulder beetles
  Urug (Lair:5)
  7 demonic crawlers
  4 skysharks
  A sixfirhy (Gauntlet)
  4 pharaoh ants
  3 orb spiders
  5 sea snakes
  9 harpies (Shoals:1)
  A steelbarb worm (Spider:2)
  6 manticores
  9 wolf spiders
  4 fauns (Shoals:1)
  4 moths of wrath
  3 merfolk sirens (Shoals:1)
  A meliai (Lair:2)
  8 black mambas
  15 elephants
  2 torpor snails
  A gargoyle (Bailey)
  9 cane toads
  13 komodo dragons
  A rime drake (Lair:5)
  9 merfolk
  3 wind drakes
  3 hornets
  2 trolls
  9 jumping spiders
  6 polar bears
  16 tarantellas
  17 blink frogs
  5 snapping turtles
  8 dream sheep (Lair:5)
  5 culicivoras
  A vampire (Bailey)
  40 yaks
  4 wyverns
  A water elemental (Shoals:2)
  A fire elemental (Lair:4)
  3 basilisks
  A steam dragon (D:9)
  26 redbacks
  15 water moccasins
  An ice beast (D:5)
  8 black bears
  2 ogres
  A sky beast (D:6)
  16 wolves
  A centaur (D:8)
  A phantom (D:7)
  14 bullfrogs
  Blork the orc (D:4)
  2 kobold brigands
  3 scorpions
  A wight (D:9)
  6 killer bees
  7 wolf zombies (Bailey)
  9 vampire bats (Bailey)
  2 howler monkeys
  A crimson imp (D:8)
  4 jellies
  6 bullfrog zombies (Ossuary)
  2 orc priests
  6 hounds
  A gnoll bouda (Lair:5)
  A sleepcap (D:5)
  Jessica (D:3)
  4 iguanas
  5 mummies (Ossuary)
  2 orc wizards (D:9)
  Terence (D:2)
  4 crocodile zombies (Ossuary)
  2 hound zombies (Ossuary)
  3 howler monkey zombies (Ossuary)
  11 adders
  A white imp (D:6)
  3 ufetubi (Gauntlet)
  4 ribbon worms
  5 dart slugs
  17 orcs
  3 endoplasms
  5 giant cockroaches
  3 hobgoblins
  3 jackals (D:3)
  3 quokkas
  5 ball pythons
  4 ball python zombies (Ossuary)
  7 bats
  4 frilled lizards
  4 goblins
  17 kobolds
  24 orc zombies (Bailey)
  3 rats
554 creatures vanquished.

Vanquished Creatures (others)
  A kobold demonologist (D:9)
  A wyvern (D:9)
  2 kobold brigands (D:9)
  2 howler monkeys (D:9)
  An orc wizard (D:9)
  4 spectral weapons
11 creatures vanquished.

Grand Total: 565 creatures vanquished

Notes
Turn   | Place    | Note
-------+----------+-------------------------------------------
     0 | D:1      | Chadd the Coglin Gladiator began the quest for the Orb.
     0 | D:1      | Reached XP level 1. HP: 16/16 MP: 1/1
    75 | D:1      | Reached skill level 2 in Throwing
   112 | D:1      | Reached XP level 2. HP: 22/22 MP: 2/2
   699 | D:2      | Reached XP level 3. HP: 25/28 MP: 3/3
  1036 | D:2      | Reached XP level 4. HP: 10/34 MP: 4/4
  1144 | D:2      | Noticed Terence
  1155 | D:2      | Killed Terence
  1156 | D:2      | Reached skill level 3 in Throwing
  1953 | D:3      | Reached XP level 5. HP: 33/40 MP: 5/5
  2210 | D:3      | Noticed Jessica
  2212 | D:3      | Killed Jessica
  2791 | D:3      | Reached XP level 6. HP: 46/47 MP: 6/6
  2882 | D:4      | Noticed Blork the orc
  2911 | D:4      | Killed Blork the orc
  2912 | D:4      | Reached skill level 4 in Throwing
  2945 | D:4      | Noticed Dowan
  3526 | D:4      | Noticed Duvessa
  3691 | D:5      | Entered Level 5 of the Dungeon
  3710 | D:5      | Found an iron altar of Okawaru.
  3754 | D:5      | Found the amulet of Elemental Vulnerability {rPois rF--
                  | rC-- AC+8}
  3765 | D:5      | Reached XP level 7. HP: 46/53 MP: 7/7
  3831 | D:5      | Found a radiant altar of Vehumet.
  3986 | D:5      | Found a hazy altar of Hepliaklqana.
  4068 | D:5      | Found a glowing golden altar of the Shining One.
  4189 | D:5      | Reached skill level 5 in Throwing
  4546 | D:5      | Reached skill level 1 in Polearms
  4669 | D:5      | Reached XP level 8. HP: 19/61 MP: 8/8
  4968 | D:6      | Identified the ring of Mekifacw {Wiz rC+ rN+ rCorr}
  5158 | D:6      | Found a blossoming altar of Fedhas.
  5537 | D:6      | Reached skill level 6 in Throwing
  5877 | D:6      | Found a staircase to the Ecumenical Temple.
  5907 | Temple   | Entered the Ecumenical Temple
  6040 | Temple   | Became a worshipper of Gozag Ym Sagoz the Greedy
  6314 | D:6      | Noticed a troll
  6327 | D:6      | Killed a troll
  6328 | D:6      | Reached skill level 5 in Fighting
  6328 | D:6      | Reached skill level 5 in Dodging
  6423 | D:6      | Found a runed translucent gate.
  6424 | D:6      | Found a runed translucent gate.
  6425 | D:6      | Found a runed translucent gate.
  6429 | D:6      | Noticed dcgchant's ghost (novice OpSh)
  6742 | D:7      | Reached XP level 9. HP: 64/68 MP: 9/9
  6773 | D:7      | Found a sand-covered staircase.
  6796 | Ossuary  | Entered an ossuary
  7268 | Ossuary  | Reached skill level 7 in Throwing
  7571 | D:7      | Found a sacrificial altar of Ru.
  8241 | D:8      | Found Etti's Specific Store.
  8242 | D:8      | Found Xaywalal's General Store.
  8242 | D:8      | Noticed a hornet
  8457 | D:8      | Found a staircase to the Lair.
  8457 | D:8      | Noticed a two-headed ogre
  8547 | D:7      | Paralysed by a hornet for 1 turns
  8551 | D:7      | Killed a hornet
  8674 | D:8      | Found a basalt altar of Yredelemnul.
  8690 | D:8      | Noticed a two-headed ogre
  8697 | D:8      | Killed a two-headed ogre
  8698 | D:8      | Reached skill level 8 in Throwing
  8731 | D:8      | Reached XP level 10. HP: 77/77 MP: 10/10
  8775 | D:8      | Identified the +9 spear of Extermination {spect, rElec
                  | rPois rF+ Int+4}
  8786 | D:8      | Found a flagged portal.
  8818 | D:8      | Killed a two-headed ogre
  8830 | Bailey   | Entered a bailey
  8989 | Bailey   | Noticed a gargoyle
  9003 | Bailey   | Killed a gargoyle
  9427 | Bailey   | Reached skill level 5 in Polearms
  9559 | Bailey   | Reached skill level 9 in Throwing
  9958 | D:8      | Bought the +1 pair of gloves "Poruurae" {Int-2 Slay+5} for
                  | 466 gold pieces
 10047 | D:8      | Found a burning altar of Makhleb.
 10298 | D:9      | Found a shimmering altar of Xom.
 10298 | D:9      | Noticed a kobold demonologist
 10303 | D:9      | Killed a kobold demonologist
 10446 | D:9      | Found a broken altar of Ashenzari.
 10550 | D:9      | Found a white marble altar of Elyvilon.
 10562 | D:9      | Reached XP level 11. HP: 73/83 MP: 11/11
 10793 | D:8      | Upgraded the game from 0.32-a0-876-gcfddb08e57 to
                  | 0.32-a0-886-g41c5271027
 10811 | Lair:1   | Entered Level 1 of the Lair of Beasts
 10872 | Lair:1   | Reached skill level 10 in Throwing
 13017 | Lair:1   | Reached XP level 12. HP: 85/95 MP: 12/12
 13051 | Lair:2   | Noticed a six-headed hydra
 14331 | Lair:2   | Found a staircase to the Shoals.
 14599 | Lair:1   | Reached skill level 11 in Throwing
 15415 | Lair:1   | Killed a six-headed hydra
 16065 | Lair:2   | Reached skill level 10 in Fighting
 16426 | Lair:2   | Found a hole to the Spider Nest.
 16443 | Lair:2   | Noticed a four-headed hydra
 16444 | Lair:2   | Noticed an eight-headed hydra
 16570 | Lair:1   | Killed an eight-headed hydra
 16711 | Lair:1   | Reached XP level 13. HP: 90/104 MP: 13/13
 17121 | Lair:2   | Found a glowing golden altar of the Shining One.
 17198 | Lair:3   | Reached skill level 10 in Dodging
 17285 | Lair:3   | Found a gate leading to a gauntlet.
 17329 | Gauntlet | Entered a Gauntlet
 17329 | Gauntlet | Found a transporter.
 17342 | Gauntlet | Found a transporter.
 17344 | Gauntlet | Found a transporter.
 17352 | Gauntlet | Found a transporter.
 17355 | Gauntlet | Found a transporter.
 17363 | Gauntlet | Found a transporter.
 17366 | Gauntlet | Found a transporter.
 17377 | Gauntlet | Found a transporter.
 17378 | Gauntlet | Found a transporter.
 17383 | Gauntlet | Noticed a cacodemon
 17386 | Gauntlet | Found a transporter.
 17407 | Gauntlet | Found a transporter.
 17419 | Gauntlet | Found a transporter.
 17432 | Gauntlet | Found a transporter.
 17445 | Gauntlet | Found a transporter.
 17538 | Gauntlet | Reached skill level 12 in Throwing
 17595 | Gauntlet | Found the +8 autumn katana {manifold assault}
 17595 | Gauntlet | Noticed a minotaur
 17602 | Gauntlet | Killed a minotaur
 17609 | Gauntlet | Identified the +1 robe "Ner Loxt" {Will+ rCorr Str+5}
 17609 | Gauntlet | Identified the staff of Benevolence {*Corrode Str+3 Stlth+
                  | Earth}
 17609 | Gauntlet | Identified the +6 dagger of Miliutoy {heavy, rF- rN+ rCorr}
 19328 | Lair:4   | Found an ancient bone altar of Kikubaaqudgha.
 19703 | Lair:4   | Reached skill level 10 in Polearms
 20009 | Lair:4   | Reached XP level 14. HP: 114/114 MP: 14/14
 20091 | Lair:4   | Acquired a megamodule L-0500 {rF+ rC+ Clar RMsl}
 20199 | Lair:5   | Entered Level 5 of the Lair of Beasts
 20739 | Lair:5   | Noticed Urug
 20748 | Lair:5   | Killed Urug
 20961 | Lair:5   | Reached skill level 13 in Throwing
 21244 | Lair:5   | Found a staircase to the Slime Pits.
 21561 | Shoals:1 | Entered Level 1 of the Shoals
 21585 | Shoals:1 | Found a runed translucent gate.
 21585 | Shoals:1 | Found a runed translucent gate.
 21618 | Shoals:1 | Found a runed translucent gate.
 21619 | Shoals:1 | Noticed Xacloem's ghost (adept OnFE)
 21654 | Shoals:1 | Found Koyfid's Armour Boutique.
 22919 | Shoals:2 | Noticed Louise
 23165 | Shoals:2 | Reached XP level 15. HP: 33/122 MP: 15/15
 23928 | Spider:1 | Entered Level 1 of the Spider Nest
 24464 | Spider:1 | Got Jupsaoc's Octavo of Displacement
 24724 | Spider:1 | Identified the +1 chain mail "Uticson" {Rampage Will- Str-2
                  | Int+9}
 24783 | Spider:1 | Noticed Roxanne
 25284 | Spider:1 | Reached skill level 14 in Throwing
 25417 | Spider:2 | Noticed an emperor scorpion
 26801 | Spider:2 | Noticed an emperor scorpion
 26815 | Spider:2 | Killed an emperor scorpion
 27770 | Spider:2 | Reached skill level 1 in Evocations
 27976 | Spider:2 | Killed an emperor scorpion
 27977 | Spider:2 | Reached XP level 16. HP: 35/132 MP: 16/16
 28299 | Spider:2 | HP: 6/132 [entropy weaver (9)]
 28300 | Spider:2 | HP: 1/132 [entropy weaver (3)]
 28300 | Spider:2 | Mangled by an entropy weaver

Illustrated notes

Levels and vault maps discovered:
D:1:      orjb1_lava_funnel, layout_basic, minmay_tromino_i4
D:2:      layout_loops_corners, st_stairs_7, minmay_box_of_dots, uniq_terence
D:3:      layout_basic, uniq_jessica
D:4:      layout_loops_ring, chequers_avenue, dreamdust_mushroom_princess,
          uniq_blork_the_orc, uniq_duvessa
D:5:      layout_gridville, mainiacjoe_overflow_boulevard, lemuel_round_altar,
          lemuel_round_altar, nicolae_vehumet_altar_sigil
D:6:      black_bear_nest_2, layout_cave_pods, fedhas_altar_3,
          minmay_temple_entry_statues_fountains, ebering_ghost_rock_garden,
          roderic_roman_lattice
D:7:      layout_basic, nicolae_ru_path_of_blood,
          nicolae_ossuary_entry_false_entrances
D:8:      layout_gridville, mainiacjoe_overflow_chevrons, makhleb_grotto_becter,
          lair_entry_dummy, enter_bailey_2, nicolae_specific_store
D:9:      layout_rooms, lemuel_round_altar, xom_confusion_cloud,
          mainiacjoe_overflow_brackets, lemuel_flamethrower_hall
Temple:   bh_familiar_temple
Lair:1:   layout_chaotic_city, beast_lair_carwin_1
Lair:2:   layout_cave_shapes, shoals_dummy_entry,
          hellmonk_spider_entry_not_the_bees, basic_altar, grunt_megastairs_2
Lair:3:   layout_loops_ring, gauntlet_entry_generic, infiniplex_staircase_pool_2
Lair:4:   layout_gridlike, basic_altar
Lair:5:   wormcave, layout_cave_pods, nicolae_slime_entry_field_trip,
          dreamdust_gnoll_shepherd, uniq_urug
Shoals:1: layout_shoals, serial_shops, nicolae_shop_window_shopping,
          gammafunk_ghost_tricky_traps
Shoals:2: layout_shoals, uniq_louise
Spider:1: layout_spider_delve, uniq_roxanne
Spider:2: layout_spider_delve, nicolae_spider_webs_and_nodes
Spider:3: layout_spider_delve, worms_lemuel, uniq_aizul, uniq_arachne

Skill      XL: |  1  2  3  4  5  6  7  8  9 10 11 12 13 14 15 16 |
---------------+-------------------------------------------------+-----
Throwing       | 2 3 4 5 6 8 9 10 11 12 13 14 | 14.4
Dodging        | 3 4 5 6 7 8 9 10 12 13 | 13.0
Fighting       | 3 4 5 6 7 9 10 11 12 13 | 13.9
Axes           | 4 |  4.4
Polearms       | 1 3 4 5 7 8 10 11 12 | 12.3
Evocations     | 2 |  2.4

Action                     |  1- 3 |  4- 6 |  7- 9 | 10-12 | 13-15 | 16-18 || total
---------------------------+-------+-------+-------+-------+-------+-------++-------
  Melee: Dagger            |    20 |       |       |       |       |       ||    20
         War axe           |    51 |   104 |    18 |       |       |       ||   173
         Spear             |    28 |   108 |   744 |   786 |  1443 |    27 ||  3136
  Throw: Javelin           |     2 |     1 |       |     1 |    17 |       ||    21
         Throwing net      |       |     2 |     3 |       |     2 |       ||     7
         Boomerang         |       |       |    18 |    45 |    17 |       ||    80
         Dart              |       |       |     5 |     3 |     4 |       ||    12
 Invoke: Potion Petition   |       |       |       |     1 |     1 |       ||     2
Ability: Invent Gizmo      |       |       |       |       |     1 |       ||     1
  Evoke: Wand              |       |       |       |     2 |     6 |     1 ||     9
         Phantom mirror    |       |       |       |     1 |       |       ||     1
    Use: Potion            |       |     1 |       |     2 |     6 |     1 ||    10
         Scroll            |       |       |       |     2 |    11 |     1 ||    14
   Stab: Sleeping          |     1 |       |       |       |       |       ||     1
         Held in net/web   |       |       |     4 |       |     3 |       ||     7
         Distracted        |       |       |     2 |     7 |    15 |       ||    24
         Confused          |       |       |       |     1 |       |       ||     1
         Invisible         |       |       |       |     4 |       |       ||     4
 Armour: Leather armour    |    30 |     2 |       |       |       |       ||    32
         Ring mail         |       |    57 |   201 |    16 |       |       ||   274
         Plate armour      |       |       |       |   349 |   604 |    33 ||   986
  Dodge: Dodged            |    32 |    58 |   186 |   158 |   223 |    10 ||   667
         Repelled          |       |       |       |       |    10 |       ||    10

Table legend: (Time is in decaauts)
 A = Elapsed time spent in this place.
 B = Non-inter-level travel time spent in this place.
 C = Inter-level travel time spent in this place.
 D = Time resting spent in this place.
 E = Time spent auto-exploring this place.
 F = Levels seen in this place.
 G = Mean time per level.
                   A        B        C        D        E       F      G
               +--------+--------+--------+--------+--------+-----+--------+
         Total |  27995 |  24515 |   3480 |   8940 |  10433 |  23 | 1217.2 |
       Dungeon |   9078 |   7749 |   1329 |   1109 |   5193 |   9 | 1008.7 |
        Temple |    151 |      2 |    149 |      0 |      0 |   1 |  151.0 |
          Lair |  10483 |   9085 |   1398 |   4582 |   2916 |   5 | 2096.6 |
        Shoals |   2127 |   1859 |    268 |    634 |    714 |   2 | 1063.5 |
   Spider Nest |   4039 |   3704 |    335 |   2089 |    994 |   3 | 1346.3 |
       Ossuary |    671 |    671 |      0 |    165 |    220 |   1 |  671.0 |
        Bailey |   1018 |   1018 |      0 |    361 |    206 |   1 | 1018.0 |
      Gauntlet |    423 |    423 |      0 |      0 |    188 |   1 |  423.0 |
               +--------+--------+--------+--------+--------+-----+--------+

Top non-repeatable levels by time:
  Lair:1: 5243 daAuts
Spider:1: 2721 daAuts
Shoals:1: 1634 daAuts
     D:6: 1525 daAuts
  Lair:3: 1423 daAuts
  Lair:2: 1413 daAuts
  Lair:4: 1349 daAuts
Spider:2: 1301 daAuts
     D:7: 1270 daAuts
     D:5: 1255 daAuts
     D:3: 1182 daAuts
     D:2: 1104 daAuts
  Lair:5: 1053 daAuts
  Bailey: 1018 daAuts
     D:4: 804 daAuts
